 Dungeon Crawl Stone Soup version 0.29-a0-334-gb41bcbb86e (webtiles) character file.

Game seed: 8353570957943743736

67 Jortsu the Skirmisher (level 4, 0/41 HPs)
             Began as a Hill Orc Fighter on Apr 14, 2022.
             Succumbed to an adder's poison
             ... on level 2 of the Dungeon.
             The game lasted 00:03:10 (1214 turns).

Jortsu the Skirmisher (Hill Orc Fighter)            Turns: 1214, Time: 00:03:10

Health: 0/41       AC:  7    Str: 20    XL:     4   Next: 16%
Magic:  4/4        EV:  9    Int:  8    God:
Gold:   800        SH:  4    Dex: 10    Spells: 3/3 levels left

rFire   . . .      SeeInvis .   a - +1 war axe
rCold   . . .      Faith    .   c - +0 buckler
rNeg    . . .      Spirit   .   b - +0 scale mail
rPois   .          Reflect  .   (no helmet)
rElec   .          Harm     .   (no cloak)
rCorr   .          Rampage  .   (no gloves)
Will    .....                   (no boots)
Stlth   ..........              (no amulet)
HPRegen 0.13/turn               (no ring)
MPRegen 0.09/turn               (no ring)

@: lethally poisoned (0 -> -3), studying Unarmed Combat
A: no striking features
a: no special abilities


You were on level 2 of the Dungeon.
You visited 1 branch of the dungeon, and saw 3 of its levels.

You collected 824 gold pieces.
You spent 24 gold pieces at shops.

Inventory:

Hand Weapons
 a - a +1 war axe (weapon)
Armour
 b - a +0 scale mail (worn)
 c - a +0 buckler (worn)
Magical Staves
 f - a staff of air
Potions
 d - a potion of might
 i - a potion of berserk rage
 j - 2 potions of curing
 k - a potion of heal wounds
 l - a potion of ambrosia
 m - 2 potions of invisibility
 n - a potion of attraction {unknown}


   Skills:
 + Level 4.3 Fighting
 + Level 3.9 Axes
 + Level 3.8 Armour
 + Level 3.7 Shields


You had 3 spell levels left.
You didn't know any spells.
Your spell library contained the following spells:

 Spells                   Type           Power      Damage    Failure   Level
 Animate Skeleton         Necr           0%         N/A       85%         1
 Apportation              Tloc           0%         N/A       85%         1
 Summon Small Mammal      Summ           0%         N/A       85%         1
 Gell's Gravitas          Tloc           0%         N/A       99%         3
 Lesser Beckoning         Tloc           0%         N/A       99%         3
 Teleport Other           Tloc           0%         N/A       99%         3


Dungeon Overview and Level Annotations

Branches:
Dungeon (3/15)

Altars:

Shops:
D:2 *


Message History

The adder is severely wounded.
You block the adder's attack. The adder bites you.
* * * LOW HITPOINT WARNING * * *
You are poisoned.
The adder poisons you!
You closely miss the adder.
The adder is severely wounded.
You feel sick. The adder barely misses you.
You barely miss the adder.
The adder is severely wounded.
You feel sick. You block the adder's attack.
The adder bites you but does no damage.
You barely miss the adder.
The adder is severely wounded.
You feel sick. The adder bites you but does no damage.
The adder closely misses you.
You closely miss the adder.
The adder is severely wounded.
You feel sick.
You are no longer poisoned.
The adder bites you but does no damage. x2
You barely miss the adder.
The adder is severely wounded.
The adder bites you but does no damage.
You miss the adder.
The adder is severely wounded.
The adder barely misses you. The adder bites you.
* * * LOW HITPOINT WARNING * * *
You are lethally poisoned!
The adder poisons you!
You hit the adder but do no damage.
The adder is severely wounded.
* * * LOW HITPOINT WARNING * * *
You feel sick. The adder bites you but does no damage.
You block the adder's attack.
You slash the adder!
You kill the adder!
* * * LOW HITPOINT WARNING * * *
You feel sick.
You die...

.#.####...###..........#...##....
...#....#.........###.##.####.###
.....#####........#.......###.###
...#######.#.#................##.
...###............#.......######.
)..##..####...#..................
.#.##.####...........####......#.
....>..............#......#####รท.
.....#..........@....###### #.#
.....#..........#>#### ##.#
....)#.....<....#....## ##..#
..............######..## #..##
.....#.##..#.## ##..######.##
.....#......).# ##........###
....##........# ##..........
.....#........# #......#...
.....>........# #..........


There were no monsters in sight!

Vanquished Creatures
  3 adders (D:2)
  A dart slug (D:2)
  5 endoplasms (D:1)
  A giant cockroach (D:1)
  2 goblins (D:1)
  5 hobgoblins
  5 ball pythons
  4 bats
  3 frilled lizards
  4 kobolds
  2 rats
35 creatures vanquished.

Vanquished Creatures (others)
  11 plants (D:3)
11 creatures vanquished.

Grand Total: 46 creatures vanquished

Notes
Turn   | Place    | Note
-------+----------+-------------------------------------------
     0 | D:1      | Jortsu the Hill Orc Fighter began the quest for the Orb.
     0 | D:1      | Reached XP level 1. HP: 19/19 MP: 1/1
    92 | D:1      | Reached XP level 2. HP: 14/27 MP: 2/2
   331 | D:1      | Found a faded altar of an unknown god.
   493 | D:1      | Reached skill level 4 in Fighting
   680 | D:1      | Identified a scroll of acquirement
   680 | D:1      | Acquired 737 gold pieces
   688 | D:2      | Found Zuskim's General Store.
   702 | D:2      | Reached XP level 3. HP: 32/33 MP: 3/3
   713 | D:2      | Bought a scroll of identify for 24 gold pieces
   819 | D:2      | Identified the +11 rapier of Sabanok {protect, *Noise rF++
                  | Dex+2}
  1164 | D:3      | Reached XP level 4. HP: 41/41 MP: 4/4
  1179 | D:3      | Noticed a sky beast
  1213 | D:2      | HP: 1/41 [poisoned by an adder]
  1214 | D:2      | Succumbed to an adder's poison

Illustrated notes

Levels and vault maps discovered:
D:1:      evilmike_arrival_plus, layout_rooms,
          shapermc_ecumenical_altar_mp_urbaneastern,
          chequers_serial_rivers_micro_d
D:2:      layout_rooms, serial_shops, nicolae_diamond_shop
D:3:      layout_rooms, minmay_liquid_box, kennysheep_boxes

Skill      XL: |  1  2 |
---------------+-------+-----
Axes           | 3 |  3.9
Fighting       | 4 |  4.3
Armour         | |  3.8
Shields        | |  3.7

Action                   |  1- 3 |  4- 6 || total
-------------------------+-------+-------++-------
Melee: War axe           |    81 |    18 ||    99
  Use: Scroll            |    12 |       ||    12
Armor: Scale mail        |    44 |    16 ||    60
Dodge: Dodged            |    48 |    12 ||    60
Block: Buckler           |    20 |     9 ||    29

Table legend: (Time is in decaauts)
 A = Elapsed time spent in this place.
 B = Non-inter-level travel time spent in this place.
 C = Inter-level travel time spent in this place.
 D = Time resting spent in this place.
 E = Time spent auto-exploring this place.
 F = Levels seen in this place.
 G = Mean time per level.
                   A        B        C        D        E       F      G
               +--------+--------+--------+--------+--------+-----+--------+
         Total |   1250 |   1231 |     19 |    136 |    748 |   3 |  416.7 |
       Dungeon |   1250 |   1231 |     19 |    136 |    748 |   3 |  416.7 |
               +--------+--------+--------+--------+--------+-----+--------+

Top non-repeatable levels by time:
     D:1: 700 daAuts
     D:2: 480 daAuts
     D:3: 69 daAuts
